 Dungeon Crawl Stone Soup version 0.29-a0-1065-g47a6bb87d6 (webtiles) character file.

Game seed: 4089935243856584800

25 ytrimaz the Insei (level 3, 0/23 HPs)
             Began as an Octopode Transmuter on Aug 19, 2022.
             Succumbed to a kobold's poison
             ... on level 1 of the Dungeon.
             The game lasted 00:00:39 (776 turns).

ytrimaz the Insei (Octopode Transmuter)              Turns: 776, Time: 00:00:40

Health: 0/23       AC:  1    Str:  9    XL:     3   Next: 4%
Magic:  5/6        EV: 10    Int: 17    God:
Gold:   35         SH:  0    Dex: 12    Spells: 5/6 levels left

rFire   . . .      SeeInvis .     - Unarmed
rCold   . . .      Faith    .   (no shield)
rNeg    . . .      Spirit   .   (helmet currently unavailable)
rPois   .          Reflect  .   (no amulet)
rElec   .          Harm     .   (no ring)
rCorr   .          Rampage  .   (no ring)
Will    .....                   (no ring)
Stlth   ++........              (no ring)
HPRegen 0.07/turn               (no ring)
MPRegen 0.10/turn               (no ring)
                                (no ring)
                                (no ring)

@: lethally poisoned (0 -> -7), appendages (expiring), constricted, invisible
A: tentacle spike 3, almost no armour, amphibious, 8 rings, camouflage 1,
gelatinous body 1, (nimble swimmer 1), tentacles
a: End Transformation


You were on level 1 of the Dungeon.
One of your tentacles had grown a beastly spike.
You visited 1 branch of the dungeon, and saw 1 of its levels.

You collected 35 gold pieces.

Inventory:

Scrolls
 b - a scroll of noise {unknown}
 c - a scroll of amnesia
 d - a scroll of vulnerability {unknown}
Potions
 a - 2 potions of lignification


   Skills:
 + Level 1.0 Fighting
 + Level 2.1 Dodging
 + Level 3.4 Unarmed Combat
 + Level 2.3 Spellcasting
 + Level 2.3 Transmutations


You had 5 spell levels left.
You knew the following spells:

 Your Spells              Type           Power      Damage    Failure   Level
a - Beastly Appendage     Tmut           18%        N/A       7%          1

Your spell library contained the following spells:

 Spells                   Type           Power      Damage    Failure   Level
 Wereblood                Tmut           9%         N/A       11%         2
 Spider Form              Tmut/Pois      6%         N/A       34%         3
 Ice Form                 Ice/Tmut       6%         N/A       75%         4


Dungeon Overview and Level Annotations

Branches:
Dungeon (1/15)

Altars:


Innate Abilities, Weirdness & Mutations

One of your tentacles has grown a beastly spike.
You cannot wear most types of armour.
You are amphibious.
You can wear up to eight rings at the same time.
Your skin changes colour to match your surroundings (Stealth+).
Your rubbery body absorbs attacks. (AC +1, EV +1)
((You are camouflaged when in or above water. (Stealth+)))
You have tentacles for arms and can constrict up to eight enemies at once.


Message History

The quokka barely misses you.
You barely miss the giant cockroach. You grab the giant cockroach.
You squeeze the giant cockroach.
The giant cockroach is moderately wounded.
You constrict the giant cockroach, but do no damage.
You constrict the quokka.
You kill the quokka!
The giant cockroach bites you.
You tentacle-slap the giant cockroach. You squeeze the giant cockroach.
You kill the giant cockroach!
You have reached level 3!
Your experience leads to an increase in your attributes!
Increase (S)trength, (I)ntelligence, or (D)exterity?
You feel clever. x2
Unknown command.
Found a ring mail.
You see here a giant cockroach corpse.
You closely miss the ball python. Your grab misses the ball python.
Your tentacle spike misses the ball python.
You squeeze the ball python.
The ball python is moderately wounded.
The ball python barely misses you. x2
The kobold hits you with a +0 short sword of venom.
You are poisoned.
You closely miss the kobold. You grab the kobold. You constrict the kobold.
You feel very sick. The ball python bites you. The ball python grabs you.
The ball python constricts you. The kobold closely misses you.
You tentacle-slap the kobold.
The kobold is severely wounded.
You constrict the kobold.
You kill the kobold!
* * * LOW HITPOINT WARNING * * *
You feel sick. The ball python bites you.
* * * LOW HITPOINT WARNING * * *
The ball python constricts you.
* * * LOW HITPOINT WARNING * * *
It was a potion of invisibility.
You fade into invisibility!
You die...

..#####.....# #####
#....##....######.....#
####.##..#............##
#....................
###...###......#..#..
##..## #............
#...# ##...#......#
#...# #........... #..##
#.†.@S...... #(.#
#...#).....# ####
#...........
##....#..#.. #..........
##........[ ##.......#
########


You could see a ball python (unable to see you).

Vanquished Creatures
  2 dart slugs (D:1)
  A ball python (D:1)
  2 endoplasms (D:1)
  A giant cockroach (D:1)
  A goblin (D:1)
  3 hobgoblins (D:1)
  3 quokkas (D:1)
  A bat (D:1)
  A frilled lizard (D:1)
  2 kobolds (D:1)
  2 rats (D:1)
19 creatures vanquished.

Notes
Turn   | Place    | Note
-------+----------+-------------------------------------------
     0 | D:1      | ytrimaz the Octopode Transmuter began the quest for the
                  | Orb.
     0 | D:1      | Reached XP level 1. HP: 13/13 MP: 3/3
   295 | D:1      | Reached XP level 2. HP: 17/18 MP: 3/5
   772 | D:1      | Reached XP level 3. HP: 15/23 MP: 4/6
   776 | D:1      | Succumbed to a kobold's poison

Illustrated notes

Levels and vault maps discovered:
D:1:      minmay_arrival_open_corners, layout_rooms, serial_bayou_pond_b,
          minmay_misc_feat_plants

Action                   || total
-------------------------++-------
Melee: Unarmed           ||    35
       Constrict         ||    15
       Kick              ||    11
       Tentacles         ||     9
       Punch             ||     2
 Cast: Beastly Appendage ||    11
  Use: Scroll            ||     1
       Potion            ||     1
Armor: Skin              ||    11
Dodge: Dodged            ||    34

Table legend: (Time is in decaauts)
 A = Elapsed time spent in this place.
 B = Non-inter-level travel time spent in this place.
 C = Inter-level travel time spent in this place.
 D = Time resting spent in this place.
 E = Time spent auto-exploring this place.
 F = Levels seen in this place.
 G = Mean time per level.
                   A        B        C        D        E       F      G
               +--------+--------+--------+--------+--------+-----+--------+
         Total |    774 |    771 |      3 |      0 |    642 |   1 |  774.0 |
       Dungeon |    774 |    771 |      3 |      0 |    642 |   1 |  774.0 |
               +--------+--------+--------+--------+--------+-----+--------+

Top non-repeatable levels by time:
     D:1: 774 daAuts
